 Dungeon Crawl Stone Soup version 0.28-a0-983-g1de4e0787c (webtiles) character file.

Game seed: 18146474911867794871

51 Lavandula the Poker (level 3, -11/26 HPs)
             Began as an Octopode Chaos Knight on Dec 3, 2021.
             Was a Plaything of Xom.
             Mangled by an ogre (37 damage)
             ... on level 2 of the Dungeon.
             The game lasted 00:02:23 (1029 turns).

Lavandula the Poker (Octopode Chaos Knight)         Turns: 1029, Time: 00:02:24

Health: -11/26     AC:  1    Str: 13    XL:     3   Next: 83%
Magic:  3/3        EV: 13    Int: 14    God:    Xom [.....*]
Gold:   81         SH:  0    Dex: 13    Spells: 2/2 levels left

rFire   . . .      SeeInvis .   a - +0 spear (chaos)
rCold   . . .      Faith    .   (no shield)
rNeg    . . .      Spirit   .   (helmet restricted)
rPois   .          Reflect  .   (no amulet)
rElec   .          Harm     .   (no ring)
rCorr   .          Rampage  .   (no ring)
Will    .....                   (no ring)
Stlth   ++........              (no ring)
HPRegen 0.08/turn               (no ring)
MPRegen 0.08/turn               (no ring)
                                (no ring)
                                (no ring)

@: no status effects
A: almost no armour, amphibious, 8 rings, camouflage 1, gelatinous body 1,
(nimble swimmer 1), tentacles, strong 1
a: Renounce Religion


You were on level 2 of the Dungeon.
You worshipped Xom.
You were Xom's teddy bear.
You visited 1 branch of the dungeon, and saw 2 of its levels.

You collected 81 gold pieces.

Inventory:

Hand Weapons
 a - a +0 spear of chaos (weapon)
 d - a +0 spear
Jewellery
 b - an amulet of reflection
Scrolls
 c - 3 scrolls of silence {unknown}
 e - a scroll of enchant armour {unknown}


   Skills:
 - Level 3.0 Fighting
 + Level 4.6 Polearms
 - Level 2.3 Dodging


You had 2 spell levels left.
You didn't know any spells.
Your spell library was empty.

Dungeon Overview and Level Annotations

Branches:
Dungeon (2/15)

Altars:

Shops:
D:1 :


Innate Abilities, Weirdness & Mutations

You cannot wear most types of armour.
You are amphibious.
You can wear up to eight rings at the same time.
Your skin changes colour to match your surroundings (Stealth+).
Your rubbery body absorbs attacks. (AC +1, EV +1)
((You are camouflaged near water. (Stealth+)))
You have tentacles for arms and can constrict up to eight enemies at once.
Your muscles are strong. (Str +2)


Message History

e - a scroll labelled WEUNAKO NOIMID An endoplasm comes into view.
An endoplasm is nearby!
An endoplasm is nearby!
An endoplasm is nearby!
An ogre comes into view. It is wielding a +0 giant spiked club.
A goblin comes into view. It is wielding a +0 dagger.
The helpless goblin fails to defend itself.
You hit the goblin. You burn the goblin.
You kill the goblin!
You reach to attack!
The helpless endoplasm fails to defend itself.
You hit the endoplasm. You drain the endoplasm.
You kill the endoplasm!
Xom gives a demonstration of destructive might.
The ogre is outlined in light.
You reach to attack!
You hit the ogre.
The ogre is lightly wounded.
You hit the ogre. You burn the ogre. You squeeze the ogre.
The ogre is heavily wounded.
The ogre barely misses you.
The ogre stops glowing.
You hit the ogre.
The ogre is heavily wounded.
The ogre barely misses you.
Unknown command.
Reach: a) +0 spear (chaos)
Press: ? - help, Dir - move target, f/p - ogre
Aim: an ogre, wielding a +0 giant spiked club (heavily wounded, about 23% to evade your +0 spear of chaos)
You reach to attack!
You hit the ogre. You freeze the ogre.
The ogre is severely wounded.
Unknown command.
You hit the ogre but do no damage.
The ogre seems to grow stronger.
The ogre is severely wounded. "Take this token of my esteem."
Something appears before you!
You see here a +2 hat.
The ogre hits you with a +0 giant spiked club!!!
Ouch! That really hurt!
You die...
Xom bursts into laughter!

#.# #.....### #.#
#...# ####.####
###...### #.......#
#.......###
#.##.##.#
#..........
#.##.##.# #.).....#
#.##....######...###
#.#####..........#
#....@O.##########
#########


You could see an ogre (strong).

Vanquished Creatures
  A dart slug (D:1)
  2 bats (D:1)
  5 endoplasms
  3 giant cockroaches
  2 goblins
  9 hobgoblins
  7 jackals (D:1)
  3 quokkas
  A ball python (D:1)
  3 kobolds
  4 rats (D:1)
40 creatures vanquished.

Notes
Turn   | Place    | Note
-------+----------+-------------------------------------------
     0 | D:1      | Lavandula the Octopode Chaos Knight began the quest for the
                  | Orb.
     0 | D:1      | Reached XP level 1. HP: 16/16 MP: 1/1
    58 | D:1      | Reached XP level 2. HP: 9/21 MP: 2/2
   188 | D:1      | XOM: silly message
   392 | D:1      | Reached skill level 4 in Polearms
   399 | D:1      | XOM: 1-stop teleportation journey
   437 | D:1      | Reached XP level 3. HP: 25/26 MP: 3/3
   660 | D:1      | Found Ciceoh's Book Boutique.
   751 | D:1      | Found a faded altar of an unknown god.
   880 | D:1      | XOM: god gift: 65 gold pieces
   921 | D:1      | You fall into a shaft and drop 1 floor!
   940 | D:2      | XOM: give mutation
   940 | D:2      | Gained mutation: Your muscles are strong. (Str +2) [Xom's
                  | grace]
  1010 | D:2      | Noticed an ogre
  1014 | D:2      | XOM: fake destruction
  1029 | D:2      | XOM: god gift: +2 hat
  1029 | D:2      | Mangled by an ogre

Illustrated notes

Levels and vault maps discovered:
D:1:      minmay_arrival_up_and_down, layout_basic, basic_ecumenical_altar,
          serial_shops, nicolae_shop_behind_doors, palyth_stone_intersect
D:2:      layout_loops_cross, uniq_crazy_yiuf_cottage

Skill      XL: |  1  2 |
---------------+-------+-----
Polearms       | 4 |  4.6
Fighting       | |  3.0
Dodging        | |  2.3

Action                   || total
-------------------------++-------
Melee: Spear             ||    96
       Constrict         ||    14
       Tentacles         ||    10
 Stab: Sleeping          ||    11
       Confused          ||     1
Armor: Skin              ||     5
Dodge: Dodged            ||    38

Table legend: (Time is in decaauts)
 A = Elapsed time spent in this place.
 B = Non-inter-level travel time spent in this place.
 C = Inter-level travel time spent in this place.
 D = Time resting spent in this place.
 E = Time spent auto-exploring this place.
 F = Levels seen in this place.
 G = Mean time per level.
                   A        B        C        D        E       F      G
               +--------+--------+--------+--------+--------+-----+--------+
         Total |   1019 |   1019 |      0 |    128 |    649 |   2 |  509.5 |
       Dungeon |   1019 |   1019 |      0 |    128 |    649 |   2 |  509.5 |
               +--------+--------+--------+--------+--------+-----+--------+

Top non-repeatable levels by time:
     D:1: 913 daAuts
     D:2: 105 daAuts
